 Dungeon Crawl Stone Soup version 0.31-a0-145-g046c7d2549 (webtiles) character file.

Game seed: 8682792789299420564

128 NateTC the Ruffian (level 4, -17/45 HPs)
             Began as a Troll Fighter on June 5, 2023.
             Demolished by an ogre
             ... wielding a +0 giant club
              (19 damage)
             ... on level 3 of the Dungeon.
             The game lasted 00:02:02 (1391 turns).

NateTC the Ruffian (Troll Fighter)                  Turns: 1391, Time: 00:02:02

Health: -17/45     AC:  4    Str: 24    XL:     4   Next: 87%
Magic:  3/3        EV:  8    Int:  6    God:
Gold:   145        SH:  8    Dex:  9    Spells: 3/3 levels left

rFire   . .          .
                       - Unarmed
rCold   . . .        b - +0 kite shield
rNeg    . . .        a - +0 robe
rPois   .            (helmet restricted)
rElec   .            (no cloak)
rCorr   .            (gloves unavailable)
SInv    .            (boots unavailable)
Will    .....        (no amulet)
Stlth   +            (no ring)
HPRegen 1.07/turn    (no ring)
MPRegen 0.08/turn

%: no passive effects
@: mighty
A: large, unfitting armour, claws 3, regeneration 1, shaggy fur 1, tough skin 1
a: no special abilities


You were on level 3 of the Dungeon.
You visited 1 branch of the dungeon, and saw 3 of its levels.

You collected 145 gold pieces.

Inventory:

Armour
 a - a +0 robe (worn)
 b - a +0 kite shield (worn)
Scrolls
 d - a scroll of identify
 e - a scroll of teleportation
 f - a scroll of enchant weapon
 g - a scroll of immolation {unknown}
 h - a scroll of fear {unknown}
Potions
 i - a potion of enlightenment {unknown}


   Skills:
 + Level 3.1 Fighting
 - Level 2.4 Dodging
 + Level 3.4 Shields
 * Level 3.9 Unarmed Combat


You had 3 spell levels left.
You didn't know any spells.
Your spell library was empty.

Dungeon Overview and Level Annotations

Branches:
Dungeon (3/15) Zot: 16600

Altars:
Dithmenos
Vehumet

Shops:
D:2 !   D:3 =


Innate Abilities, Weirdness & Mutations

You are too large for most types of armour.
You have claws for hands.
Your natural rate of healing is unusually fast.
You are covered in fur. (AC +1)
You have tough skin. (AC +1)


Message History

No reachable target in view!
No reachable target in view!
No reachable target in view!
No reachable target in view!
An ogre is nearby!
An ogre is nearby!
No reachable target in view!
An ogre is nearby!
No reachable target in view!
No reachable target in view!
Found 18 gold pieces and a chain mail.
Found a radiant altar of Vehumet.
You completely miss the ogre.
The ogre hits you with a +0 giant club!!
Ouch! That really hurt!
* * * LOW HITPOINT WARNING * * *
You are too injured to fight recklessly!
You are too injured to fight recklessly!
You are too injured to fight recklessly!
You are too injured to fight recklessly!
You are too injured to fight recklessly!
You are too injured to fight recklessly!
You are too injured to fight recklessly!
You are too injured to fight recklessly!
You are too injured to fight recklessly!
You are too injured to fight recklessly!
You are too injured to fight recklessly!
You are too injured to fight recklessly!
You are too injured to fight recklessly!
You are too injured to fight recklessly!
You are too injured to fight recklessly!
You are too injured to fight recklessly!
You are too injured to fight recklessly!
You are too injured to fight recklessly!
You scratch the ogre.
The ogre is lightly wounded.
The ogre hits you with a +0 giant club!
* * * LOW HITPOINT WARNING * * *
You feel very mighty all of a sudden.
The ogre hits you with a +0 giant club!!
You die...

##.#####.#####
#...§§§.....[.
#..≈§§§≈≈≈..#
#.≈§§≈§§...#
#.≈≈§..§§8.# . #.#
###.≈≈§≈≈≈§..# . #.#
.....≈≈≈§≈§≈.#
.##.#.###.......@O.#
...........##...####
#...# # #..........$
#...### #..#########
#.....####..#
#...∩...##..# . ###
#...###.##..#....
..# #...#
#........._..
#.#####
#.#.###.#...#......
# #.#....


You could see an ogre.

Vanquished Creatures
  An orc priest (D:3)
  3 adders (D:2)
  A worm (D:2)
  2 dart slugs (D:1)
  3 orcs
  3 ball pythons
  4 bats
  2 endoplasms
  5 giant cockroaches
  6 goblins
  10 hobgoblins
  3 kobolds
  2 quokkas (D:1)
  4 frilled lizards
  8 rats
57 creatures vanquished.

Notes
Turn   | Place    | Note
-------+----------+-------------------------------------------
     0 | D:1      | NateTC the Troll Fighter began the quest for the Orb.
     0 | D:1      | Reached XP level 1. HP: 22/22 MP: 0/0
   127 | D:1      | Reached XP level 2. HP: 27/29 MP: 1/1
   138 | D:1      | Found a faded altar of an unknown god.
   380 | D:1      | Reached XP level 3. HP: 34/36 MP: 2/2
   900 | D:2      | Reached XP level 4. HP: 43/44 MP: 3/3
   928 | D:2      | Found Foeqo's Distillery.
  1364 | D:3      | Found Kicveint's Jewellery Shop.
  1375 | D:3      | Found a shadowy altar of Dithmenos.
  1382 | D:3      | Noticed an ogre
  1384 | D:3      | Found a radiant altar of Vehumet.
  1390 | D:3      | HP: 1/45 [ogre/+0 giant club (12)]
  1391 | D:3      | Demolished by an ogre

Illustrated notes

Levels and vault maps discovered:
D:1:      sevenhm_arrival_forest_fort_small_6, layout_basic,
          hellmonk_ecumenical_altar_arch_garden, minmay_misc_feat_enclosed,
          hangedman_decor_growths, serial_bayou_lagoon_a,
          minmay_misc_feat_plants
D:2:      layout_rooms, serial_shops, shop, kennysheep_donut, minmay_quantized
D:3:      layout_loops_ring, lemuel_tele_altar, old_standard_altar,
          mainiacjoe_overflow_catwalk, gammafunk_ghost_arena, serial_shops, shop

Skill      XL: |  1  2  3  4 |
---------------+-------------+-----
Shields        | 3 |  3.4
Unarmed Combat | 3 |  3.9
Fighting       | 3 |  3.1
Dodging        | |  2.4

Action                     |  1- 3 |  4- 6 || total
---------------------------+-------+-------++-------
  Melee: Unarmed           |    83 |    48 ||   131
    Use: Scroll            |     2 |       ||     2
         Potion            |       |     1 ||     1
 Armour: Robe              |    16 |    13 ||    29
  Dodge: Dodged            |    23 |     9 ||    32
  Block: Kite shield       |    22 |    12 ||    34

Table legend: (Time is in decaauts)
 A = Elapsed time spent in this place.
 B = Non-inter-level travel time spent in this place.
 C = Inter-level travel time spent in this place.
 D = Time resting spent in this place.
 E = Time spent auto-exploring this place.
 F = Levels seen in this place.
 G = Mean time per level.
                   A        B        C        D        E       F      G
               +--------+--------+--------+--------+--------+-----+--------+
         Total |   1398 |   1351 |     47 |      0 |   1016 |   3 |  466.0 |
       Dungeon |   1398 |   1351 |     47 |      0 |   1016 |   3 |  466.0 |
               +--------+--------+--------+--------+--------+-----+--------+

Top non-repeatable levels by time:
     D:1: 752 daAuts
     D:2: 535 daAuts
     D:3: 110 daAuts
